 Dungeon Crawl Stone Soup version 0.16-a0-1885-g0f03bb0 (webtiles) character file.

655 Kraw the Grappler (level 7, -1/57 (61) HPs)
             Began as a Troll Artificer on Nov 5, 2014.
             Was a Priest of Nemelex Xobeh.
             Slain by a centaur (2 damage)
             ... on level 5 of the Dungeon.
             The game lasted 00:28:57 (3623 turns).

Kraw the Grappler (Troll Artificer)                 Turns: 3623, Time: 00:28:58

HP:   -1/57 (61)    AC:  6    Str: 20    XL:     7   Next: 29%
MP:   5/5           EV: 10    Int:  8    God:    Nemelex Xobeh [***...]
Gold: 228           SH:  0    Dex: 12    Spells: 0 memorised, 6 levels left

rFire  . . .     SeeInvis .       - Unarmed
rCold  . . .     Clarity  .     e - +0 robe (curse)
rNeg   . . .     SustAb   .     (shield restricted)
rPois  .         Gourm    +     (helmet restricted)
rElec  .         Spirit   .     f - +0 cloak
rCorr  .         Warding  .     (gloves unavailable)
rMut   .         Stasis   .     (boots unavailable)
MR     .....                    (no amulet)
Stlth  +.........               (no ring)
                                (no ring)

@: not resistant to hostile enchantments, very unstealthy
A: unfitting armour, claws 3, fast metabolism 3, gourmand, regeneration 2,
shaggy fur 1, tough skin 2
a: Triple Draw, Renounce Religion


You were on level 5 of the Dungeon.
You worshipped Nemelex Xobeh.
Nemelex Xobeh was most pleased with you.
You were completely stuffed.

You visited 2 branches of the dungeon, and saw 6 of its levels.

You collected 228 gold pieces.

Inventory:

Missiles
 s - 2 javelins (quivered)
Armour
 e - a cursed +0 robe (worn)
 f - a +0 cloak (worn)
Jewellery
 u - a cursed ring of fire {unknown}
 G - an uncursed ring of protection from magic {unknown}
Magical devices
 b - a wand of flame (15)
 c - a wand of enslavement (15)
 d - a wand of random effects (15)
 E - a wand of flame (18)
Scrolls
 g - a scroll of teleportation {unknown}
 j - 2 scrolls of identify {unknown}
 k - a scroll of noise {unknown}
 n - 6 scrolls of remove curse {unknown}
 o - 4 scrolls of amnesia {unknown}
 p - a scroll of enchant armour {unknown}
 q - a scroll of blinking {unknown}
 v - 2 scrolls of enchant weapon {unknown}
 H - a scroll of vulnerability {unknown}
 I - a scroll of magic mapping {unknown}
Potions
 h - a potion of flight {unknown}
 w - a potion of curing {unknown}
 z - 2 potions of lignification {unknown}
 B - a potion of might {unknown}
 D - 2 potions of degeneration {unknown}
 F - a potion of brilliance {unknown}
Miscellaneous
 i - a plain deck of war {drawn: 10}
 l - an ornate deck of war {drawn: 3}
 m - a plain deck of war {drawn: 1}
 x - a legendary deck of escape
 y - a plain deck of war
Comestibles
 a - 7 meat rations
 r - 3 chunks of flesh
 t - 2 bread rations
 A - 3 beef jerkies
 C - a royal jelly


   Skills:
 - Level 0.7 Fighting
 - Level 1.5 Dodging
 - Level 0.4 Stealth
 + Level 8.0 Unarmed Combat
 - Level 2.1 Evocations


You had 6 spell levels left.
You didn't know any spells.

Dungeon Overview and Level Annotations

Branches:
Dungeon (5/15)             Temple (1/1) D:5

Altars:
Elyvilon
Nemelex Xobeh
Trog


Innate Abilities, Weirdness & Mutations

You are too large for most types of armour.
You have claws for hands.
Your metabolism is lightning-fast.
You like to eat raw meat.
You heal very quickly.
You are covered in fur (AC +1).
You have very tough skin (AC +2).


Message History

Items here: (( ) [ an arrow; a javelin; a hand axe; a leather armour You barely miss the centaur.
The centaur unwields an uncursed shortbow.
The centaur hits you!
* * * LOW HITPOINT WARNING * * *
You scratch the centaur.
The centaur begins to bleed from its wounds!
The centaur is lightly wounded.
The centaur misses you.
You scratch the centaur.
The centaur is moderately wounded.
The centaur barely misses you.
You scratch the centaur.
The centaur is heavily wounded.
The centaur hits you.
* * * LOW HITPOINT WARNING * * *
The centaur hits you.
You die...
Your body glows slightly and disappears.

#...# ##. ##.###
#...####.##. #..# #
######...#.......##..###
##.............##......##
.l...(.........##.#......
##......(......##........
######(..#.#####..######
#(..#... .... # #.@.#####
##. . #.c.# # #...# ##.##
#.# #.. ... ###


You could see a centaur (bleeding).

Vanquished Creatures
  The ghost of Herrn the Skirmisher, an average GrFi (D:3)
  2 scorpions (D:4)
  2 orc wizards
  A worker ant (D:5)
  2 orc priests (D:5)
  2 iguanas (D:4)
  Ijyb (D:4)
  A hound skeleton (D:3)
  12 adders
  A giant mite (D:2)
  3 worms
  3 giant geckos
  14 orcs
  A ball python (D:3)
  8 bats
  4 giant cockroaches
  9 goblins
  7 hobgoblins
  16 jackals
  4 kobolds
  A quokka (D:4)
  2 giant gecko skeletons (D:4)
  7 giant newts
  9 rats
113 creatures vanquished.

Vanquished Creatures (collateral kills)
  A scorpion (D:4)
  An iguana (D:4)
  An orange rat (D:4)
3 creatures vanquished.

Grand Total: 116 creatures vanquished

Notes
Turn   | Place    | Note
--------------------------------------------------------------
     0 | D:1      | Kraw, the Troll Artificer, began the quest for the Orb.
     0 | D:1      | Reached XP level 1. HP: 18/18 MP: 1/1
   253 | D:1      | Reached XP level 2. HP: 26/26 MP: 1/1
   441 | D:1      | Found a sparkling altar of Nemelex Xobeh.
   451 | D:1      | Became a worshipper of Nemelex Xobeh the Trickster
   682 | D:1      | Received a gift from Nemelex Xobeh
   682 | D:1      | Received a gift from Nemelex Xobeh
   975 | D:2      | Reached skill level 3 in Unarmed Combat
   975 | D:2      | Reached XP level 3. HP: 28/32 MP: 3/3
  1204 | D:2      | Received a gift from Nemelex Xobeh
  1297 | D:3      | Reached skill level 4 in Unarmed Combat
  1297 | D:3      | Reached XP level 4. HP: 35/40 MP: 3/3
  1405 | D:3      | Found a white marble altar of Elyvilon.
  1467 | D:3      | Reached XP level 5. HP: 43/46 MP: 3/3
  1601 | D:3      | Reached skill level 5 in Unarmed Combat
  1677 | D:3      | Noticed Herrn's ghost (average GrFi)
  1695 | D:3      | Killed Herrn's ghost
  1715 | D:3      | Found a bloodstained altar of Trog.
  2051 | D:3      | Received a gift from Nemelex Xobeh
  2406 | D:4      | Reached skill level 6 in Unarmed Combat
  2462 | D:4      | Reached XP level 6. HP: 54/54 MP: 5/5
  2683 | D:4      | Noticed Ijyb
  2697 | D:4      | Killed Ijyb
  3002 | D:4      | Reached skill level 7 in Unarmed Combat
  3284 | D:4      | Reached XP level 7. HP: 55/61 MP: 5/5
  3326 | D:5      | Entered Level 5 of the Dungeon
  3524 | D:5      | Found a staircase to the Ecumenical Temple.
  3529 | Temple   | Entered the Ecumenical Temple
  3547 | Temple   | Acquired Nemelex Xobeh's first power
  3614 | D:5      | Reached skill level 8 in Unarmed Combat
  3620 | D:5      | HP: 1/57 [centaur (9)]
  3623 | D:5      | Slain by a centaur

Action                   |  1- 3 |  4- 6 |  7- 9 || total
-------------------------+-------+-------+-------++-------
Melee: Unarmed           |    94 |   146 |    48 ||   288
Throw: Javelin           |    10 |    43 |     5 ||    58
Evoke: Deck              |       |    10 |     4 ||    14
 Stab: Sleeping          |     1 |       |       ||     1
       Invisible         |       |       |     1 ||     1
  Eat: Chunk             |    17 |    18 |     4 ||    39
